AoeStats
← ChingChing

Four Lakes

509037655Analyzed
1v1 RM · 9d ago on Sep 25, 2026· 37m 38s· 2 players
Game mode
Random Map
Map size
Tiny (2 player)
Population
200
Speed
Normal
Resources
Standard
Victory
Conquest
Starting age
Dark Age
Ending age
Imperial Age
RankedLock teamsTeams togetherTeam positionsShared explorationLock speedFull tech treeHidden civsTurbo modeCheats
Victory
Defeat
🇹🇭 Khmer · Thailand
921
+17
🇭🇰 Tatars · Hong Kong SAR China
945
-17
ytf
4:13 Loom
13:11 Feudal Age
16:09 Castle Age
14:11 Double-Bit Axe
14:38 Fishing Lines
15:40 Stone Mining
16:16 Town Watch
17:26 Bloodlines
25:53 Bloodlines
25:43 Husbandry
30:17 Elite Skirmisher
37:10 Gillnets
38:14 Wheelbarrow
ChingChing
1:55 Loom
10:22 Feudal Age
15:23 Castle Age
14:15 Fletching
16:59 Bodkin Arrow
Connection lost

Rejoining the realm…

Still unreachable

The connection could not be restored.

Session expired

The server has moved on; the page needs a fresh start.